 Dungeon Crawl Stone Soup version 0.29.1-1-gd02db6906a (webtiles) character file.

Game seed: 15362860610981092064

224 pacmanke6689 the Shooter (level 6, -1/35 HPs)
             Began as a Kobold Arcane Marksman on Sept 25, 2022.
             Slain by Pikel
             ... wielding a +0 whip of freezing
              (3 damage)
             ... on level 3 of the Dungeon.
             The game lasted 00:12:53 (4186 turns).

pacmanke6689 the Shooter (Kobold Arcane Marksman)   Turns: 4186, Time: 00:12:54

Health: -1/35      AC:  4    Str:  7    XL:     6   Next: 20%
Magic:  4/9        EV: 16    Int: 14    God:
Gold:   125        SH:  0    Dex: 24    Spells: 6/9 levels left

rFire   . . .      SeeInvis .   a - +1 sling
rCold   . . .      Faith    .   (no shield)
rNeg    . . .      Spirit   .   c - +0 robe
rPois   .          Reflect  .   (no helmet)
rElec   .          Harm     .   l - +0 cloak
rCorr   .          Rampage  .   (no gloves)
Will    .....                   f - +0 pair of boots
Stlth   +++.......              (no amulet)
HPRegen 0.11/turn               j - +6 ring of dexterity
MPRegen 0.11/turn               (no ring)

@: very slightly contaminated, hasted, very quick
A: small, no large weapons, nightstalker 3
a: no special abilities


You were on level 3 of the Dungeon.
You visited 1 branch of the dungeon, and saw 4 of its levels.

You collected 125 gold pieces.

Inventory:

Hand Weapons
 a - a +1 sling (weapon)
Missiles
 r - a throwing net
Armour
 c - a +0 robe (worn)
 f - a +0 pair of boots (worn)
 l - a +0 cloak (worn)
Jewellery
 j - a +6 ring of dexterity (left hand)
 p - an amulet of magic regeneration
Scrolls
 b - a scroll of poison
 d - a scroll of blinking {unknown}
 e - a scroll of fog {unknown}
 k - a scroll of teleportation {unknown}
 n - 2 scrolls of immolation {unknown}
 o - 2 scrolls of enchant weapon {unknown}
 q - 2 scrolls of identify
Potions
 g - 2 potions of haste
 i - a potion of mutation {unknown}
 m - a potion of lignification {unknown}
 s - a potion of magic {unknown}


   Skills:
 + Level 1.9 Fighting
 + Level 5.6 Ranged Weapons
 + Level 3.0 Dodging
 + Level 2.4 Spellcasting
 + Level 4.1 Hexes


You had 6 spell levels left.
You knew the following spells:

 Your Spells              Type           Power      Damage    Failure   Level
a - Slow                  Hex            52%        N/A       4%          1
b - Ensorcelled Hibernat  Hex/Ice        14%        N/A       14%         2

Your spell library contained the following spells:

 Spells                   Type           Power      Damage    Failure   Level
 Inner Flame              Hex/Fire       7%         N/A       30%         3
 Portal Projectile        Hex/Tloc       14%        N/A       30%         3
 Passwall                 Tmut/Erth      0%         N/A       34%         2
 Sublimation of Blood     Necr           1%         N/A       34%         2
 Wereblood                Tmut           1%         N/A       34%         2
 Cause Fear               Hex            6%         N/A       38%         4
 Swiftness                Air            1%         N/A       56%         3
 Summon Hydra             Summ           0%         N/A       100%        7


Dungeon Overview and Level Annotations

Branches:
Dungeon (4/15)
 Temple: D:4-7

Altars:
Trog
Zin

Annotations:
D:3 Pikel


Innate Abilities, Weirdness & Mutations

You are small and have problems with some larger weapons.
You are completely attuned to the shadows.


Message History

Press: ? - help, Shift-Dir - straight line, f/p - lemure
Aim: a lemure (59% to hit)
You shoot a sling bullet.
The sling bullet hits Pikel but does no damage.
The lemure closely misses you.
Fire: a) +1 sling
Press: ? - help, Shift-Dir - straight line, f/p - lemure
Aim: a lemure (59% to hit)
You shoot a sling bullet. The sling bullet hits Pikel.
Pikel is lightly wounded.
Pikel hits you with a +0 whip of freezing.
* * * LOW HITPOINT WARNING * * *
Pikel freezes you.
* * * LOW HITPOINT WARNING * * *
The lemure misses you.
Fire: a) +1 sling
Press: ? - help, Shift-Dir - straight line, f - lemure, p - lemure
Aim: a lemure (59% to hit)
You shoot a sling bullet. The sling bullet hits the lemure.
The lemure is lightly wounded.
Pikel misses you.
Fire: a) +1 sling
Press: ? - help, Shift-Dir - straight line, f/p - lemure
Aim: a lemure (lightly wounded, 59% to hit)
You shoot a sling bullet.
The sling bullet hits the lemure but does no damage.
The lemure is lightly wounded.
The lemure misses you.
Pikel cracks his whip.
Pikel hits you with a +0 whip of freezing.
* * * LOW HITPOINT WARNING * * *
Pikel freezes you.
* * * LOW HITPOINT WARNING * * *
It was a potion of curing.
You feel better. The lemure hits you.
* * * LOW HITPOINT WARNING * * *
You feel better.
Pikel hits you with a +0 whip of freezing!
* * * LOW HITPOINT WARNING * * *
Pikel freezes you.
You die...

#.# ##...## ##.###.##
#.# ##+## ##.#.## #.#
#.# ##.## ..# #.# #.#
### ##.## #.# ##...##
#.# #####.....# #.#
####...##(..##########.#
.....#........5K@5.....#
####...##..#############
#######.# #.# #.# #.#
##########.#
#..).......#
#.#######..#####


You could see Pikel and 2 lemures.

Vanquished Creatures
  A lemure (D:3)
  Crazy Yiuf (D:2)
  2 hounds (D:3)
  Natasha (twice) (D:3)
  A gnoll (D:3)
  An adder (D:2)
  A worm (D:2)
  A dart slug (D:3)
  8 ball pythons
  6 endoplasms
  A giant cockroach (D:2)
  9 goblins
  3 hobgoblins
  2 jackals (D:2)
  A quokka (D:2)
  4 bats
  4 frilled lizards
  9 kobolds
  6 rats
63 creatures vanquished.

Notes
Turn   | Place    | Note
-------+----------+-------------------------------------------
     0 | D:1      | pacmanke6689 the Kobold Arcane Marksman began the quest for
                  | the Orb.
     0 | D:1      | Reached XP level 1. HP: 12/12 MP: 2/2
   238 | D:1      | Reached XP level 2. HP: 16/16 MP: 0/3
   374 | D:1      | Reached skill level 3 in Ranged Weapons
  1217 | D:1      | Reached XP level 3. HP: 20/20 MP: 4/4
  1308 | D:2      | Found a faded altar of an unknown god.
  1888 | D:2      | Reached skill level 4 in Ranged Weapons
  1940 | D:2      | Reached XP level 4. HP: 11/25 MP: 5/5
  2120 | D:2      | Found a runed translucent door.
  2123 | D:2      | Noticed Crazy Yiuf
  2173 | D:2      | Killed Crazy Yiuf
  2174 | D:2      | Reached skill level 5 in Ranged Weapons
  2746 | D:3      | Noticed Natasha
  2761 | D:3      | Killed Natasha
  2762 | D:3      | Reached XP level 5. HP: 11/30 MP: 1/7
  3314 | D:3      | Found a bloodstained altar of Trog.
  3440 | D:3      | Found a glowing silver altar of Zin.
  3480 | D:3      | Noticed Natasha
  3486 | D:3      | Killed Natasha
  3682 | D:3      | Reached XP level 6. HP: 21/35 MP: 0/9
  3936 | D:3      | Learned a level 2 spell: Ensorcelled Hibernation
  4071 | D:4      | Noticed Pikel
  4184 | D:3      | HP: 1/35 [Pikel/+0 whip of freezing (2)]
  4186 | D:3      | Slain by Pikel

Illustrated notes

Levels and vault maps discovered:
D:1:      tarquinn_simple_flora_water_a, layout_basic,
          chequers_serial_rivers_room_a, chequers_serial_rivers_marsh
D:2:      layout_loops_ring, dreamdust_ecumenical_altar_hidden_monk_grotto,
          uniq_crazy_yiuf_cottage
D:3:      layout_loops_corners, trog_hazing_becter,
          mainiacjoe_overflow_alcove_1, minmay_misc_feat_alley,
          minmay_misc_feat_doors, cheibrodos_gnoll_hut, uniq_natasha
D:4:      layout_gridville, mainiacjoe_overflow_alcove_4,
          overflow_temple_1_default, nicolae_titane, uniq_pikel

Skill      XL: |  1  2  3  4  5 |
---------------+----------------+-----
Ranged Weapons | 3 4 5 |  5.6
Dodging        | 3 |  3.0
Spellcasting   | 2 |  2.4
Hexes          | 4 |  4.1
Fighting       | |  1.9

Action                   |  1- 3 |  4- 6 || total
-------------------------+-------+-------++-------
 Fire: Sling             |   101 |   107 ||   208
 Cast: Slow              |     6 |    44 ||    50
       Ensorcelled Hiber |       |     4 ||     4
  Use: Scroll            |     1 |       ||     1
       Potion            |       |     4 ||     4
Armor: Robe              |    14 |    14 ||    28
Dodge: Dodged            |    54 |    63 ||   117
